 Dungeon Crawl Stone Soup version 0.26-a0-340-g8c663ee (webtiles) character file.

Game seed: 12134758917268306719

57 HarryHood the Ruffian (level 4, -2/38 HPs)
             Began as a Ghoul Monk on July 16, 2020.
             Slain by Sigmund
             ... wielding a +0 scythe
              (7 damage)
             ... on level 2 of the Dungeon.
             The game lasted 00:06:23 (1759 turns).

HarryHood the Ruffian (Ghoul Monk)                  Turns: 1759, Time: 00:06:24

Health: -2/38      AC:  7    Str: 15    XL:     4   Next: 0%
Magic:  3/3        EV: 10    Int: 11    God:
Gold:   105        SH:  0    Dex: 11    Spells: 3/3 levels left

rFire    + . .     SeeInvis .     - Unarmed
rCold    + . .     Faith    .   (no shield)
rNeg     + + +     Spirit   .   l - +0 scale mail {rF+}
rPois    ∞         Reflect  .   (no helmet)
rElec    .         Harm     .   (no cloak)
rCorr    .                      e - +0 pair of gloves
MR       .....                  (no boots)
Stlth    ..........             (no amulet)
HPRegen  0.00/turn              m - +6 ring of intelligence
MPRegen  0.08/turn              (no ring)

@: no status effects
A: rotting body, claws 1, cold resistance 1, negative energy resistance 3,
inhibited regeneration, torment resistance, unbreathing
a: no special abilities


You were on level 2 of the Dungeon.
You visited 1 branch of the dungeon, and saw 2 of its levels.

You collected 105 gold pieces.

Inventory:

Missiles
 g - 50 stones (quivered)
 i - 24 sling bullets
Armour
 e - a +0 pair of gloves (worn)
 l - a +0 scale mail of fire resistance (worn)
Jewellery
 m - a +6 ring of intelligence (left hand)
Scrolls
 a - a scroll of teleportation {@r0}
 c - a scroll of amnesia
 j - a scroll of enchant weapon {unknown}
 k - a scroll of identify {unknown}
 n - a scroll of enchant armour {unknown}
Potions
 b - a potion of curing {unknown}
 d - a potion of invisibility {unknown}
 f - 2 potions of lignification {unknown}
 h - a potion of heal wounds {unknown}


   Skills:
 - Level 3.2 Fighting
 - Level 2.6 Dodging
 - Level 2.1 Stealth
 + Level 5.2 Unarmed Combat


You had 3 spell levels left.
You didn't know any spells.
Your spell library was empty.

Dungeon Overview and Level Annotations

Branches:
Dungeon (2/15)

Altars:

Annotations:
D:2 Sigmund


Innate Abilities, Weirdness & Mutations

Your body is rotting away.
You thrive by killing the living.
You are immune to poison.
You have sharp fingernails.
Your flesh is cold resistant. (rC+)
You are immune to negative energy. (rN+++)
You do not regenerate when monsters are visible.
You are immune to unholy pain and torment.
You can survive without breathing.


Message History

You miss something. You barely miss something. Something hits you.
You take 4 damage, and have 15/38 hp.
You barely miss something. Something hits you but does no damage.
You closely miss something. You closely miss something. Something hits you.
* * * LOW HITPOINT WARNING * * *
You take 4 damage, and have 11/38 hp.
You miss something. You hit something but do no damage.
You hear some strange, mumbled words.
A puff of flame appears from out of thin air!
The puff of flame hits you. You resist.
* * * LOW HITPOINT WARNING * * *
You take 3 damage, and have 8/38 hp.
You completely miss something. Something hits you.
* * * LOW HITPOINT WARNING * * *
You take 3 damage, and have 5/38 hp.
You hit something. Something hits you!
You die...

#. #.#.#.#.#.#.#.#
#. ##...........##
#. #.#.#.#.#.#.#
#.#####..........#
#.......#.#.#.#..#
#..#####.......#.##
#..# ######....).
#..######. ######.
#.@....... #.....
##{######. #.###.
#.# #† #.. #. ###
#. ## .. ##


There were no monsters in sight!

Vanquished Creatures
  A worm (D:2)
  3 dart slugs (D:1)
  A leopard gecko (D:1)
  A giant cockroach (D:1)
  6 hobgoblins
  4 jackals (D:1)
  A ball python (D:1)
  7 bats
  4 frilled lizards
  6 goblins
  8 kobolds
  4 rats
46 creatures vanquished.

Notes
Turn   | Place    | Note
-------+----------+-------------------------------------------
     0 | D:1      | HarryHood the Ghoul Monk began the quest for the Orb.
     0 | D:1      | Reached XP level 1. HP: 19/19 MP: 0/0
   257 | D:1      | Reached XP level 2. HP: 16/26 MP: 1/1
   265 | D:1      | Reached skill level 4 in Unarmed Combat
   533 | D:1      | Reached XP level 3. HP: 31/31 MP: 2/2
  1255 | D:2      | Reached skill level 5 in Unarmed Combat
  1702 | D:2      | Reached XP level 4. HP: 38/38 MP: 3/3
  1735 | D:2      | Noticed Sigmund
  1759 | D:2      | Slain by Sigmund

Illustrated notes

Levels and vault maps discovered:
D:1:      dpeg_arrival_court, layout_loops_ring
D:2:      minmay_door_path, layout_loops_ring, hex_medium, fedhas_altar_3,
          uniq_sigmund, uniq_crazy_yiuf_cottage

Skill      XL: |  1  2  3 |
---------------+----------+-----
Unarmed Combat | 4 5 |  5.2
Fighting       | |  3.2
Dodging        | |  2.6
Stealth        | |  2.1

Action                   |  1- 3 |  4- 6 || total
-------------------------+-------+-------++-------
Melee: Unarmed           |   159 |    21 ||   180
  Use: Scroll            |     6 |       ||     6
 Stab: Sleeping          |     1 |       ||     1
Armor: Robe              |    13 |       ||    13
       Ring mail         |    33 |       ||    33
       Scale mail        |     7 |     3 ||    10
Dodge: Dodged            |   102 |     2 ||   104

Table legend:
 A = Non-vault XP
 B = Vault XP
 C = Vault XP percentage of total XP
 D = Non-vault monster count
 E = Vault monster count
 F = Vault count percentage of total count
                 A         B        C        D         E       F
            +---------+---------+-------+---------+---------+-------
      Total |      80 |       2 |   2.4 |      44 |       2 |   4.3
            +---------+---------+-------+---------+---------+-------
        D:1 |      58 |       0 |   0.0 |      32 |       0 |   0.0
        D:2 |      22 |       2 |   8.3 |      12 |       2 |  14.3
            +---------+---------+-------+---------+---------+-------
